 Dungeon Crawl Stone Soup version 0.23-a0-481-g60b89c1 (webtiles) character file.

890 Gildeon the Sneak (level 8, -5/54 HPs)
             Began as an Octopode Fighter on Nov 28, 2018.
             Was an Initiate of Ashenzari.
             Slain by an ice beast (19 damage)
             ... on level 5 of the Dungeon on Nov 29, 2018.
             The game lasted 00:14:50 (4639 turns).

Gildeon the Sneak (Octopode Fighter)                Turns: 4639, Time: 00:14:50

Health: -5/54      AC:  1    Str: 15    XL:     8   Next: 6%
Magic:  8/8        EV: 13    Int: 11    God:    Ashenzari [......]
Gold:   205        SH: 11    Dex: 13    Spells: 7/7 levels left

rFire    + + .     SeeInvis .   a - +1 trident
rCold    x . .     Gourm    .   b - +2 shield
rNeg     + . .     Faith    .   (helmet restricted)
rPois    .         Spirit   .   n - amulet of rage
rElec    .         Reflect  .   m - ring of flight
rCorr    .         Harm     .   p - ring of protection from fire
MR       .....                  l - ring of fire
Stlth    ++++......             h - ring of positive energy
HPRegen  0.18/turn              (no ring)
MPRegen  0.11/turn              (no ring)
                                (no ring)
                                (no ring)

@: no status effects
A: almost no armour, stealthy swim, amphibious, 8 rings, constrict 8, camouflage
1, gelatinous body 1
a: Curse Item, Renounce Religion, Evoke Berserk Rage, Evoke Flight


You were on level 5 of the Dungeon.
You worshipped Ashenzari.
Ashenzari was noncommittal.
You were not hungry.

You visited 2 branches of the dungeon, and saw 6 of its levels.

You collected 205 gold pieces.

Inventory:

Hand Weapons
 a - a +1 trident (weapon)
Missiles
 k - 5 javelins (quivered)
Armour
 b - a +2 shield (worn)
Jewellery
 h - a ring of positive energy (on tentacle)
 l - a ring of fire (on tentacle)
 m - a ring of flight (left tentacle)
 n - an amulet of rage (around mantle)
 p - a ring of protection from fire (right tentacle)
Wands
 f - a wand of flame (16)
Scrolls
 e - 8 scrolls of identify
 j - a scroll of teleportation
 s - 2 scrolls of remove curse
 u - a scroll of blinking
Potions
 c - a potion of might
 g - a potion of magic
 i - 3 potions of curing
 o - 2 potions of flight
 r - a potion of berserk rage
Comestibles
 d - 11 rations
 t - 4 chunks of flesh


   Skills:
 + Level 4.9 Fighting
 + Level 4.4 Polearms
 - Level 5.0 Dodging
 + Level 5.0 Stealth
 + Level 5.0 Shields
 + Level 0.0 Evocations


You had 7 spell levels left.
You didn't know any spells.
Your spell library was empty.

Dungeon Overview and Level Annotations

Branches:
Dungeon (5/15)             Temple (1/1) D:4

Altars:
Ashenzari
Cheibriados
Dithmenos
Elyvilon
Fedhas
Gozag
Hepliaklqana
Kikubaaqudgha
Makhleb
Nemelex Xobeh
Qazlal
Trog
Vehumet
Wu Jian
Xom
Yredelemnul
The Shining One

Annotations:
D:4 exclusions: orc, orc priest and orc wizard
D:5 Menkaure


Innate Abilities, Weirdness & Mutations

You cannot wear most types of armour.
You are very stealthy in the water. (Stealth+)
You are amphibious.
You can wear up to eight rings at the same time.
You can use your tentacles to constrict eight enemies at once.
Your skin changes colour to match your surroundings (Stealth+).
Your rubbery body absorbs attacks. (AC +1, EV +1)


Message History

You block the ice beast's attack.
You hit the ice beast but do no damage.
The ice beast is moderately wounded.
The ice beast hits you. The ice beast freezes you!
You feel a terrible chill!
You hit the ice beast.
The ice beast is moderately wounded.
The ice beast hits you. The ice beast freezes you!!
You feel a terrible chill! You block the ice beast's attack.
You hit the ice beast.
The ice beast is heavily wounded.
You block the ice beast's attack.
You hit the ice beast but do no damage. You squeeze the ice beast.
The ice beast is severely wounded.
The ice beast barely misses you.
You closely miss the ice beast. You squeeze the ice beast.
The ice beast is severely wounded.
The ice beast hits you.
* * * LOW HITPOINT WARNING * * *
The ice beast freezes you!!
You feel a terrible chill!
You die...

#####...........####...........>.
...(...........<.................
.......#########.................
.......###.......#...............
#.........(.....##..............
#...).......(#..##<#####..#...#
#...####........#.....## ##.....#
.. #.........##....# #..####
#........@###...####..#
#........Y......##..♣.#
#..........###...#.♣P≈##
#..###.....# #...#♣≈≈≈≈# #..+
#.....# #....P≈P≈♣..# #.
#............♣≈≈≈♣♣.#
........#.....PP≈≈≈♣.#
........#.#.≈...≈≈P≈≈♣ #
........#..♣≈...o≈≈≈≈≈


You could see an ice beast.

Vanquished Creatures
  Sigmund (D:3)
  A centaur (D:5)
  An ogre (D:5)
  A bullfrog (D:3)
  Blork the orc (D:5)
  2 scorpions
  Jessica (D:2)
  An iguana (D:4)
  2 orc wizards (D:4)
  3 worker ants (D:4)
  7 adders
  3 worms
  A dart slug (D:1)
  2 leopard geckos
  5 orcs
  7 giant cockroaches
  7 goblins
  13 hobgoblins
  5 jackals
  3 bats
  5 frilled lizards
  9 kobolds
  7 rats
88 creatures vanquished.

Notes
Turn   | Place    | Note
-------+----------+-------------------------------------------
     0 | D:1      | Gildeon the Octopode Fighter began the quest for the Orb.
     0 | D:1      | Reached XP level 1. HP: 16/16 MP: 1/1
   120 | D:1      | Reached XP level 2. HP: 18/21 MP: 2/2
   214 | D:1      | Reached skill level 1 in Stealth
   857 | D:2      | Reached XP level 3. HP: 18/26 MP: 3/3
  1560 | D:2      | Reached XP level 4. HP: 23/31 MP: 4/4
  1647 | D:2      | Noticed Jessica
  1654 | D:2      | Killed Jessica
  1805 | D:2      | Found an ornate altar of the Wu Jian Council.
  2195 | D:3      | Reached XP level 5. HP: 30/36 MP: 5/5
  2931 | D:3      | Reached XP level 6. HP: 43/43 MP: 6/6
  2947 | D:3      | Noticed Sigmund
  2965 | D:3      | Killed Sigmund
  3042 | D:4      | Reached XP level 7. HP: 35/48 MP: 7/7
  3059 | D:4      | Upgraded the game from 0.23-a0-480-g1869896 to
                  | 0.23-a0-481-g60b89c1
  3406 | D:4      | Found a sparkling altar of Nemelex Xobeh.
  3787 | D:4      | Found a staircase to the Ecumenical Temple.
  3797 | Temple   | Entered the Ecumenical Temple
  3823 | Temple   | Became a worshipper of Ashenzari the Shackled
  4155 | D:5      | Entered Level 5 of the Dungeon
  4155 | D:5      | Noticed Blork the orc
  4162 | D:5      | Killed Blork the orc
  4163 | D:5      | Noticed Menkaure
  4250 | D:5      | Reached skill level 5 in Stealth
  4550 | D:5      | Reached skill level 5 in Dodging
  4550 | D:5      | Reached skill level 5 in Shields
  4550 | D:5      | Reached XP level 8. HP: 37/54 MP: 8/8
  4639 | D:5      | Slain by an ice beast

Vault maps used:
D:1:      nagdon_arrival_double_spiral, serial_park_tiny_2, minivault_24
D:2:      cheibrodos_old_hovel, old_standard_altar, uniq_jessica
D:3:      minmay_evil_eye, minmay_splitting_lines, uniq_sigmund
D:4:      minmay_chambers_of_twos, temple_fountains, first_ration,
          minmay_misc_feat_iff, nemelex_diamond_rough_becter
D:5:      kennysheep_mini, serial_bayou_ford_a, minmay_misc_feat_ornament,
          grunt_ministairs_9, uniq_edmund, uniq_menkaure, uniq_blork_the_orc
Temple:   compressed_dpeg_circular_temple

Skill      XL: |  1  2  3  4  5  6  7 |
---------------+----------------------+-----
Stealth        | 1 2 3 4 5 |  5.0
Polearms       | 3 4 |  4.4
Fighting       | 4 |  4.9
Dodging        | 4 5 |  5.0
Shields        | 4 5 |  5.0

Action                   |  1- 3 |  4- 6 |  7- 9 || total
-------------------------+-------+-------+-------++-------
Melee: Trident           |    59 |    77 |    76 ||   212
       Constrict         |    12 |    21 |    13 ||    46
       Tentacles         |     4 |    14 |    22 ||    40
Evoke: Wand              |       |       |     2 ||     2
  Use: Scroll            |     8 |     4 |     4 ||    16
       Potion            |       |     2 |       ||     2
 Stab: Sleeping          |     5 |    16 |     4 ||    25
  Eat: Chunk             |     2 |     5 |     3 ||    10
       Ration            |       |       |     1 ||     1
Armor: Skin              |     1 |     2 |     3 ||     6
Dodge: Dodged            |    23 |    23 |    47 ||    93
Block: Shield            |    28 |    26 |    40 ||    94

Table legend:
 A = Non-vault XP
 B = Vault XP
 C = Vault XP percentage of total XP
 D = Non-vault monster count
 E = Vault monster count
 F = Vault count percentage of total count
                 A         B        C        D         E       F
            +---------+---------+-------+---------+---------+-------
      Total |     863 |     409 |  32.2 |      77 |      11 |  12.5
            +---------+---------+-------+---------+---------+-------
        D:1 |      31 |       0 |   0.0 |      16 |       0 |   0.0
        D:2 |      71 |      39 |  35.5 |      18 |       2 |  10.0
        D:3 |     183 |     236 |  56.3 |      24 |       4 |  14.3
        D:4 |     271 |      43 |  13.7 |      14 |       4 |  22.2
        D:5 |     307 |      91 |  22.9 |       5 |       1 |  16.7
            +---------+---------+-------+---------+---------+-------
